Devils vs Jets (R1)

Created - 1 juin 2013 at 22:21

Goals
1 2 3 T
Devils 0 3 2 5
Jets 3 2 3 8
Shots
1 2 3 T
Devils 6 10 15 31
Jets 13 8 16 37

1st period

1. Jets , Shane Doan 5 (Jason Allison, Colin White) at 7:39
2. Jets , Nikolai Zherdev 1 (Dmitri Kalinin, Bryce Salvador) at 10:44
3. Jets , Keith Tkachuk 4 (Jason Arnott) at 12:30 (PP)

Penalties :
Pavel Kubina (Win) for Hooking (Minor) at 1:12, Ben Lovejoy (NJD) for Hooking (Minor) at 1:12, Richard Matvichuk (NJD) for Holding (Minor) at 8:15, Raffi Torres (NJD) for Holding (Minor) at 12:20, Keith Tkachuk (Win) for High sticking (Minor) at 16:45

2nd period

4. Jets , Jason Allison 5 (Benoit Pouliot, Shane Doan) at 8:55 (PP)
5. Devils , Radek Dvorak 1 (Jason Williams, Ben Lovejoy) at 10:17
6. Devils , Peter Prucha 4 (Chris Kunitz, Olli Jokinen) at 12:25
7. Devils , Olli Jokinen 1 (Chris Kunitz, Peter Prucha) at 14:26
8. Jets , Shane Doan 6 (Jason Allison) at 18:08

Penalties :
Kyle Wellwood (Win) for Hooking (Minor) at 5:05, Chris Pronger (NJD) for Cross-checking (Minor) at 8:43

3rd period

9. Devils , Anze Kopitar 6 (Henrik Zetterberg, Marian Hossa) at 5:23 (PP)
10. Jets , Dmitri Kalinin 2 (Jason Allison) at 7:27
11. Jets , Jason Arnott 6 (Benoit Pouliot, Dmitri Kalinin) at 8:16
12. Jets , Jason Allison 6 (Dmitri Kalinin, Shane Doan) at 10:36
13. Devils , Anze Kopitar 7 (Teemu Selanne) at 14:52

Penalties :
Shane Doan (Win) for Cross-checking (Minor) at 5:05, Marian Hossa (NJD) for Roughing (Minor) at 6:21, Keith Tkachuk (Win) for Hooking (Minor) at 6:35, Keith Tkachuk (Win) for Holding (Minor) at 18:26

Goalie Stats

Dan Ellis (NJD), 13 saves from 16 shots - (0,813), L, 1-1-0, 21:52 minutes
Jimmy Howard (NJD), 16 saves from 21 shots - (0,762), 38:08 minutes
Maxime Daigneault (Win), 26 saves from 31 shots - (0,839), W, 3-3-0, 60:00 minutes

Players Stats for Devils

Player Name              G  A  P  +/- PIM S  H  SB GA TA FO     MP     PP MP  PK MP  
------------------------------------------------------------------------------------
Anze Kopitar             2  0  2  -1  0   6  1  0  0  0  10/28  21:29   3:11   0:33 
Ben Lovejoy              0  1  1   0  2   2  1  1  0  0  0/0    22:43   3:43   1:18 
Chris Kunitz             0  2  2   1  0   2  1  0  0  1  0/0     9:51   0:00   0:27 
Chris Pronger            0  0  0   0  2   1  0  0  0  0  0/0    24:07   3:43   1:53 
Doug Weight              0  0  0  -2  0   3  2  0  0  0  4/20   15:37   0:00   1:35 
Greg De Vries            0  0  0  -1  0   1  1  0  1  4  0/0    25:49   0:00   1:48 
Henrik Zetterberg        0  1  1  -1  0   1  1  0  1  0  1/3    20:10   3:11   0:00 
Jason Williams           0  1  1   1  0   0  1  0  0  0  2/2     7:02   0:00   0:00 
Marian Hossa             0  1  1  -2  2   2  1  1  0  1  1/2    20:33   3:25   1:21 
Martin Grenier           0  0  0  -1  0   0  0  0  1  0  0/0    13:57   0:00   0:11 
Olli Jokinen             1  1  2   1  0   1  2  0  0  0  8/14   15:10   2:52   0:00 
Peter Prucha             1  1  2   0  0   3  3  0  1  0  0/1    11:00   0:14   0:00 
Radek Dvorak             1  0  1   1  0   2  0  0  2  0  0/0     7:02   0:00   0:00 
Raffi Torres             0  0  0   1  2   1  0  0  0  0  0/0     7:01   0:00   0:00 
Ramzi Abid               0  0  0  -2  0   3  4  1  0  1  0/0    18:19   2:38   0:41 
Richard Matvichuk        0  0  0  -1  2   0  0  0  0  0  0/0    12:23   2:20   0:00 
Roman Hamrlik            0  0  0  -1  0   1  0  0  0  0  0/0    21:03   2:20   0:00 
Teemu Selanne            0  1  1  -1  0   2  3  0  0  0  0/2    20:20   2:38   0:33 

Players Stats for Jets

Player Name              G  A  P  +/- PIM S  H  SB GA TA FO     MP     PP MP  PK MP  
------------------------------------------------------------------------------------
Adam Burish              0  0  0  -2  0   3  2  0  0  0  1/2    15:44   0:00   1:37 
Benoit Pouliot           0  2  2   4  0   1  1  0  0  1  0/1    19:58   1:24   0:30 
Bryce Salvador           0  1  1   3  0   0  1  0  0  0  0/0    24:18   0:00   3:04 
Colin White              0  1  1   0  0   0  1  1  0  0  0/0    14:25   0:00   2:59 
David Vyborny            0  0  0  -1  0   0  1  0  0  1  0/0     5:48   0:00   0:00 
Dmitri Kalinin           1  3  4   4  0   2  1  1  2  1  0/0    29:21   1:28   2:50 
Jason Allison            2  3  5   4  0   7  2  0  0  0  20/31  21:20   1:24   0:14 
Jason Arnott             1  1  2  -1  0   4  2  1  0  0  21/30  20:27   1:11   3:42 
Jeff Schultz             0  0  0  -1  0   1  2  4  0  2  0/0    23:54   1:07   2:59 
Jussi Jokinen            0  0  0   0  0   3  0  0  0  0  0/0    10:13   0:00   0:00 
Keith Tkachuk            1  0  1  -2  6   1  3  0  3  0  0/0    16:10   1:10   0:30 
Kyle Wellwood            0  0  0   0  2   1  0  0  0  0  2/3    10:17   0:00   0:00 
Mike Leclerc             0  0  0  -1  0   1  0  0  1  0  0/0    10:00   0:00   3:42 
Niklas Kronwall          0  0  0   0  0   0  1  1  0  0  0/0    11:28   1:07   0:00 
Nikolai Zherdev          1  0  1   0  0   3  1  0  0  0  0/1    11:24   1:11   0:00 
Pavel Kubina             0  0  0  -2  2   2  0  1  0  0  0/0    16:36   1:28   0:14 
Shane Doan               2  2  4   4  2   8  0  0  1  1  2/3    21:14   1:24   0:09 
Tuomo Ruutu              0  0  0  -1  0   0  0  1  0  0  0/1     7:30   0:00   1:42 

3 Stars

1 - Jason Allison (Win)
2 - Dmitri Kalinin (Win)
3 - Shane Doan (Win)

Power Play

Devils - 1 on 5 Attempt(s) - 20,00%
Jets - 2 on 4 Attempt(s) - 50,00%

Penalty Kill

Devils - 2 on 4 Attempt(s) - 50,00% - Score 0 goal in Penalty Kill
Jets - 4 on 5 Attempt(s) - 80,00% - Score 0 goal in Penalty Kill

Official

Referees : Ciamaga Chris and Kowal Tom
Linesman : Pierre Racicot and Brian Mach

Game Notes

Dan Ellis enters game at 18:08 of 2nd period

Finance

Level 1 -- Attendance: 6000 (100,00%) -- Ticket Income 540 000 $
Level 2 -- Attendance: 5000 (100,00%) -- Ticket Income 275 000 $
Level 3 -- Attendance: 2000 (100,00%) -- Ticket Income 62 000 $
Level 4 -- Attendance: 3861 (96,53%) -- Ticket Income 81 081 $
Luxury Box -- Attendance: 1000 (100,00%) -- Ticket Income 170 000 $
Game was played at the MTS Center
Total Attendance: 17861 (99,23%)
Total Ticket Income: 1 128 081 $
Other Income: 56 404 $
Total Income: 1 184 485 $

Devils

5 vs 5 Forward 
   Center                   Left Wing                Right Wing               Time % Phy DF OF 
 1 Anze Kopitar             Henrik Zetterberg        Teemu Selanne            40     0   2  3  
 2 Doug Weight              Ramzi Abid               Marian Hossa             30     0   2  3  
 3 Olli Jokinen             Chris Kunitz             Peter Prucha             20     0   2  3  
 4 Jason Williams           Raffi Torres             Radek Dvorak             10     0   4  1  

5 vs 5 Defense 
   Defense                  Defense                                           Time % Phy DF OF 
 1 Roman Hamrlik            Greg De Vries                                     40     0   2  3  
 2 Chris Pronger            Ben Lovejoy                                       30     0   2  3  
 3 Richard Matvichuk        Martin Grenier                                    20     0   2  3  
 4 Martin Grenier           Greg De Vries                                     10     0   2  3  

PowerPlay Forward 
   Center                   Left Wing                Right Wing               Time % Phy DF OF 
 1 Anze Kopitar             Henrik Zetterberg        Marian Hossa             60     0   1  4  
 2 Olli Jokinen             Ramzi Abid               Teemu Selanne            40     0   1  4  

PowerPlay Defense
   Defense                  Defense                                           Time % Phy DF OF 
 1 Chris Pronger            Ben Lovejoy                                       60     1   2  2  
 2 Richard Matvichuk        Roman Hamrlik                                     40     1   2  2  

Penalty Kill 4 Players Forward 
   Center                   Wing                     Time % Phy DF OF 
 1 Doug Weight              Marian Hossa             60     0   4  1  
 2 Anze Kopitar             Teemu Selanne            40     0   4  1  

Penalty Kill 4 Players Defense
   Defense                  Defense                  Time % Phy DF OF 
 1 Chris Pronger            Greg De Vries            60     0   4  1  
 2 Ben Lovejoy              Richard Matvichuk        40     0   4  1  

Penalty Kill - 3 Players Forward 
   Forward                                           Time % Phy DF OF 
 1 Doug Weight                                       60     0   4  1  
 2 Olli Jokinen                                      40     0   4  1  

Penalty Kill - 3 Players Defense
   Defense                  Defense                  Time % Phy DF OF 
 1 Chris Pronger            Greg De Vries            60     1   3  1  
 2 Martin Grenier           Richard Matvichuk        40     1   3  1  

4 vs 4 Forward 
   Center                   Wing                     Time % Phy DF OF 
 1 Olli Jokinen             Marian Hossa             60     1   2  2  
 2 Anze Kopitar             Ramzi Abid               40     1   2  2  

4 vs 4 Defense
   Defense                  Defense                  Time % Phy DF OF 
 1 Chris Pronger            Ben Lovejoy              60     1   2  2  
 2 Martin Grenier           Richard Matvichuk        40     1   2  2  

Last Minutes Offensive
   Center                   Left Wing                Right Wing               Defense                  Defense                  
   Anze Kopitar             Henrik Zetterberg        Marian Hossa             Ben Lovejoy              Chris Pronger            

Last Minutes Defensive
   Center                   Left Wing                Right Wing               Defense                  Defense                  
   Anze Kopitar             Henrik Zetterberg        Marian Hossa             Greg De Vries            Chris Pronger            

Goaltenders
Starting : Jimmy Howard             
Backup : Dan Ellis                

Extra Forwards
Normal : Olli Jokinen, Marian Hossa, Peter Prucha - PP : Henrik Zetterberg, Peter Prucha - PK : Ramzi Abid
Extra Defensemen
Normal : Greg De Vries, Ben Lovejoy, Roman Hamrlik - PP : Richard Matvichuk - PK : Ben Lovejoy, Richard Matvichuk
Penalty Shots
Anze Kopitar, Henrik Zetterberg, Ramzi Abid, Teemu Selanne, Marian Hossa

Jets

5 vs 5 Forward 
   Center                   Left Wing                Right Wing               Time % Phy DF OF 
 1 Jason Allison            Benoit Pouliot           Shane Doan               38     1   2  2  
 2 Jason Arnott             Keith Tkachuk            Adam Burish              32     1   2  2  
 3 Kyle Wellwood            Jussi Jokinen            Nikolai Zherdev          20     1   2  2  
 4 Tuomo Ruutu              Mike Leclerc             David Vyborny            10     1   2  2  

5 vs 5 Defense 
   Defense                  Defense                                           Time % Phy DF OF 
 1 Bryce Salvador           Dmitri Kalinin                                    40     2   2  1  
 2 Pavel Kubina             Jeff Schultz                                      30     2   2  1  
 3 Colin White              Niklas Kronwall                                   20     1   2  2  
 4 Jeff Schultz             Dmitri Kalinin                                    10     2   2  1  

PowerPlay Forward 
   Center                   Left Wing                Right Wing               Time % Phy DF OF 
 1 Jason Allison            Benoit Pouliot           Shane Doan               60     0   0  5  
 2 Jason Arnott             Keith Tkachuk            Nikolai Zherdev          40     0   0  5  

PowerPlay Defense
   Defense                  Defense                                           Time % Phy DF OF 
 1 Dmitri Kalinin           Pavel Kubina                                      60     0   1  4  
 2 Niklas Kronwall          Jeff Schultz                                      40     0   2  3  

Penalty Kill 4 Players Forward 
   Center                   Wing                     Time % Phy DF OF 
 1 Jason Arnott             Mike Leclerc             60     0   4  1  
 2 Tuomo Ruutu              Keith Tkachuk            40     0   4  1  

Penalty Kill 4 Players Defense
   Defense                  Defense                  Time % Phy DF OF 
 1 Dmitri Kalinin           Bryce Salvador           60     1   4  0  
 2 Colin White              Jeff Schultz             40     1   4  0  

Penalty Kill - 3 Players Forward 
   Forward                                           Time % Phy DF OF 
 1 Keith Tkachuk                                     60     0   4  1  
 2 Jason Arnott                                      40     0   4  1  

Penalty Kill - 3 Players Defense
   Defense                  Defense                  Time % Phy DF OF 
 1 Dmitri Kalinin           Bryce Salvador           60     1   2  2  
 2 Colin White              Jeff Schultz             40     1   2  2  

4 vs 4 Forward 
   Center                   Wing                     Time % Phy DF OF 
 1 Jason Allison            Shane Doan               60     1   2  2  
 2 Jason Arnott             Benoit Pouliot           40     1   2  2  

4 vs 4 Defense
   Defense                  Defense                  Time % Phy DF OF 
 1 Dmitri Kalinin           Jeff Schultz             60     1   2  2  
 2 Bryce Salvador           Pavel Kubina             40     1   2  2  

Last Minutes Offensive
   Center                   Left Wing                Right Wing               Defense                  Defense                  
   Jason Allison            Benoit Pouliot           Shane Doan               Pavel Kubina             Dmitri Kalinin           

Last Minutes Defensive
   Center                   Left Wing                Right Wing               Defense                  Defense                  
   Jason Arnott             Adam Burish              Keith Tkachuk            Bryce Salvador           Dmitri Kalinin           

Goaltenders
Starting : Maxime Daigneault        
Backup : Ilya Bryzgalov           

Extra Forwards
Normal : Jussi Jokinen, Benoit Pouliot, Keith Tkachuk - PP : Shane Doan, Benoit Pouliot - PK : Adam Burish
Extra Defensemen
Normal : Colin White, Jeff Schultz, Dmitri Kalinin - PP : Pavel Kubina - PK : Dmitri Kalinin, Pavel Kubina
Penalty Shots
Jason Arnott, Benoit Pouliot, Keith Tkachuk, Shane Doan, Jason Allison

% Time on Ice - Devils

Lines # - Real PCT - Wanted PCT - Time Play
Normal Forward
1 - 37% - 40% - 17:34
2 - 30% - 30% - 14:12
3 - 19% - 20% - 8:50
4 - 15% - 10% - 7:02
Normal Defense
1 - 40% - 40% - 19:15
2 - 33% - 30% - 15:43
3 - 19% - 20% - 8:52
4 - 8% - 10% - 3:48
PP Forward
1 - 56% - 60% - 3:25
2 - 44% - 40% - 2:38
PP Defense
1 - 61% - 60% - 3:43
2 - 39% - 40% - 2:20
PK Forward
1 - 79% - 60% - 2:02
2 - 21% - 40% - 0:33
PK Defense
1 - 50% - 60% - 1:18
2 - 50% - 40% - 1:17
PK3 Forward
1 - 0% - 60%
2 - 0% - 40%
PK3 Defense
1 - 0% - 60%
2 - 0% - 40%
44 Forward
1 - 79% - 60% - 2:58
2 - 21% - 40% - 0:46
44 Defense
1 - 72% - 60% - 2:41
2 - 28% - 40% - 1:03
Last Minute Offensive  - 0:00
Last Minute Defensive  - 0:00
Total
Forward - 60:00
Defense - 60:00

% Time on Ice - Jets

Lines # - Real PCT - Wanted PCT - Time Play
Normal Forward
1 - 37% - 38% - 17:35
2 - 29% - 32% - 14:02
3 - 21% - 20% - 10:13
4 - 12% - 10% - 5:48
Normal Defense
1 - 40% - 40% - 18:58
2 - 31% - 30% - 14:52
3 - 22% - 20% - 10:20
4 - 7% - 10% - 3:28
PP Forward
1 - 54% - 60% - 1:24
2 - 46% - 40% - 1:11
PP Defense
1 - 57% - 60% - 1:28
2 - 43% - 40% - 1:07
PK Forward
1 - 72% - 60% - 4:21
2 - 28% - 40% - 1:42
PK Defense
1 - 47% - 60% - 2:50
2 - 53% - 40% - 3:13
PK3 Forward
1 - 0% - 60%
2 - 0% - 40%
PK3 Defense
1 - 0% - 60%
2 - 0% - 40%
44 Forward
1 - 72% - 60% - 2:42
2 - 28% - 40% - 1:02
44 Defense
1 - 75% - 60% - 2:47
2 - 25% - 40% - 0:57
Last Minute Offensive  - 0:00
Last Minute Defensive  - 0:00
Total
Forward - 60:00
Defense - 60:00

Play by Play

1st period


0:01 of 1st period - Jason Allison wins face-off versus Anze Kopitar in neutral zone.
0:27 of 1st period - Roman Hamrlik is hit by Adam Burish and loses puck.
0:36 of 1st period - Wrist shot by Adam Burish.
0:36 of 1st period - Stopped by Jimmy Howard with a rebound.
1:12 of 1st period - Minor Penalty to Pavel Kubina for Hooking.
1:12 of 1st period - Minor Penalty to Ben Lovejoy for Hooking.
1:13 of 1st period - Olli Jokinen wins face-off versus Jason Allison in neutral zone.
1:56 of 1st period - Icing by Benoit Pouliot.
1:57 of 1st period - Olli Jokinen wins face-off versus Jason Allison in Jets zone.
2:12 of 1st period - Snap shot by Shane Doan.
2:12 of 1st period - Stopped by Jimmy Howard without a rebound.
2:13 of 1st period - Jason Allison wins face-off versus Olli Jokinen in Devils zone.
3:12 of 1st period - Penalty to Pavel Kubina is over, Pavel Kubina is back on ice.
3:12 of 1st period - Penalty to Ben Lovejoy is over, Ben Lovejoy is back on ice.
3:14 of 1st period - Snap shot by Shane Doan.
3:14 of 1st period - Stopped by Jimmy Howard without a rebound.
3:15 of 1st period - Jason Arnott wins face-off versus Teemu Selanne in Devils zone.
3:40 of 1st period - Martin Grenier is hit by David Vyborny and loses puck.
4:06 of 1st period - Off-side.
4:07 of 1st period - Jason Allison wins face-off versus Doug Weight in neutral zone.
4:15 of 1st period - Wrist shot by Jason Allison.
4:15 of 1st period - Stopped by Jimmy Howard with a rebound.
5:13 of 1st period - Icing by Roman Hamrlik.
5:14 of 1st period - Jason Williams wins face-off versus Tuomo Ruutu in Devils zone.
5:14 of 1st period - Jason Williams is hit by Jeff Schultz.
5:24 of 1st period - Jeff Schultz is hit by Greg De Vries.
5:30 of 1st period - Icing by Doug Weight.
5:31 of 1st period - Jason Allison wins face-off versus Doug Weight in Devils zone.
5:37 of 1st period - Icing by Marian Hossa.
5:38 of 1st period - Jason Allison wins face-off versus Doug Weight in Devils zone.
5:43 of 1st period - Snap shot by Shane Doan.
5:43 of 1st period - Stopped by Jimmy Howard without a rebound.
5:44 of 1st period - Henrik Zetterberg wins face-off versus Jason Allison in Devils zone.
6:16 of 1st period - Greg De Vries is hit by Adam Burish.
6:24 of 1st period - Greg De Vries is hit by Dmitri Kalinin and loses puck.
7:04 of 1st period - Wrist shot by Anze Kopitar.
7:04 of 1st period - Stopped by Maxime Daigneault without a rebound.
7:05 of 1st period - Jason Arnott wins face-off versus Anze Kopitar in Jets zone.
7:21 of 1st period - Snap shot by Henrik Zetterberg.
7:21 of 1st period - Shot Blocked by Niklas Kronwall.
7:35 of 1st period - Snap shot by Jason Allison.
7:35 of 1st period - Stopped by Jimmy Howard with a rebound.
7:37 of 1st period - Snap shot by Shane Doan.
7:37 of 1st period - Stopped by Jimmy Howard with a rebound.
7:39 of 1st period - Wrist shot by Shane Doan.
7:39 of 1st period - Goal by Shane Doan - Devils : 0 - Jets : 1.
7:40 of 1st period - Jason Allison wins face-off versus Anze Kopitar in neutral zone.
7:49 of 1st period - Wrist shot by Benoit Pouliot.
7:49 of 1st period - Shot Misses the Net.
8:02 of 1st period - Icing by Bryce Salvador.
8:03 of 1st period - Olli Jokinen wins face-off versus Shane Doan in Jets zone.
8:12 of 1st period - Snap shot by Doug Weight.
8:12 of 1st period - Shot Hit the Post.
8:15 of 1st period - Minor Penalty to Richard Matvichuk for Holding.
8:16 of 1st period - Doug Weight wins face-off versus Benoit Pouliot in Devils zone.
9:10 of 1st period - Benoit Pouliot is hit by Ben Lovejoy and loses puck.
10:15 of 1st period - Penalty to Richard Matvichuk is over, Richard Matvichuk is back on ice.
10:44 of 1st period - Snap shot by Nikolai Zherdev.
10:44 of 1st period - Goal by Nikolai Zherdev - Devils : 0 - Jets : 2.
10:45 of 1st period - Anze Kopitar wins face-off versus Jason Arnott in neutral zone.
10:45 of 1st period - Anze Kopitar is hit by Keith Tkachuk.
11:01 of 1st period - Snap shot by Jason Arnott.
11:01 of 1st period - Stopped by Jimmy Howard with a rebound.
11:23 of 1st period - Icing by Teemu Selanne.
11:24 of 1st period - Jason Arnott wins face-off versus Anze Kopitar in Devils zone.
11:29 of 1st period - Snap shot by Adam Burish.
11:29 of 1st period - Stopped by Jimmy Howard with a rebound.
11:31 of 1st period - Wrist shot by Jason Arnott.
11:31 of 1st period - Stopped by Jimmy Howard with a rebound.
12:20 of 1st period - Minor Penalty to Raffi Torres for Holding.
12:21 of 1st period - Jason Arnott wins face-off versus Doug Weight in Devils zone.
12:30 of 1st period - Slapshot by Keith Tkachuk.
12:30 of 1st period - Goal by Keith Tkachuk - Devils : 0 - Jets : 3.
12:31 of 1st period - Jason Arnott wins face-off versus Olli Jokinen in neutral zone.
13:28 of 1st period - Off-side.
13:29 of 1st period - Jason Arnott wins face-off versus Anze Kopitar in neutral zone.
13:45 of 1st period - Snap shot by Roman Hamrlik.
13:45 of 1st period - Stopped by Maxime Daigneault with a rebound.
13:52 of 1st period - Icing by Pavel Kubina.
13:53 of 1st period - Jason Arnott wins face-off versus Doug Weight in Jets zone.
13:59 of 1st period - Ben Lovejoy is hit by Jeff Schultz and loses puck.
15:22 of 1st period - Mike Leclerc is hit by Anze Kopitar.
15:28 of 1st period - Slapshot by Henrik Zetterberg.
15:28 of 1st period - Deflect By Niklas Kronwall.
15:28 of 1st period - Shot Blocked by Colin White.
15:28 of 1st period - Puck is out of play.
15:29 of 1st period - Olli Jokinen wins face-off versus Jason Arnott in Jets zone.
15:36 of 1st period - Snap shot by Chris Kunitz.
15:36 of 1st period - Stopped by Maxime Daigneault with a rebound.
16:45 of 1st period - Minor Penalty to Keith Tkachuk for High sticking.
16:46 of 1st period - Anze Kopitar wins face-off versus Jason Arnott in Jets zone.
17:15 of 1st period - Slapshot by Ramzi Abid.
17:15 of 1st period - Stopped by Maxime Daigneault with a rebound.
17:17 of 1st period - Snap shot by Ramzi Abid.
17:17 of 1st period - Deflect By Colin White.
17:17 of 1st period - Shot Misses the Net.
17:17 of 1st period - Puck is out of play.
17:18 of 1st period - Jason Arnott wins face-off versus Anze Kopitar in Jets zone.
17:48 of 1st period - Jason Arnott is hit by Ramzi Abid and loses puck.
17:53 of 1st period - Wrist shot by Ramzi Abid.
17:53 of 1st period - Deflect By Olli Jokinen.
17:53 of 1st period - Shot Misses the Net.
17:53 of 1st period - Puck is out of play.
17:54 of 1st period - Jason Arnott wins face-off versus Anze Kopitar in Jets zone.
18:11 of 1st period - Snap shot by Anze Kopitar.
18:11 of 1st period - Shot Blocked by Jeff Schultz.
18:41 of 1st period - Slapshot by Chris Pronger.
18:41 of 1st period - Shot Hit the Post.
18:45 of 1st period - Penalty to Keith Tkachuk is over, Keith Tkachuk is back on ice.
19:08 of 1st period - Icing by Kyle Wellwood.
19:09 of 1st period - Kyle Wellwood wins face-off versus Doug Weight in Jets zone.
19:35 of 1st period - Benoit Pouliot is hit by Teemu Selanne and loses puck.
19:42 of 1st period - Wrist shot by Teemu Selanne.
19:42 of 1st period - Stopped by Maxime Daigneault without a rebound.
19:43 of 1st period - Jason Arnott wins face-off versus Peter Prucha in Jets zone.
19:50 of 1st period - Pavel Kubina is hit by Olli Jokinen and loses puck.
19:55 of 1st period - Slapshot by Chris Kunitz.
19:55 of 1st period - Stopped by Maxime Daigneault with a rebound.

2nd period


0:01 of 2nd period - Anze Kopitar wins face-off versus Jason Allison in neutral zone.
0:16 of 2nd period - Snap shot by Shane Doan.
0:16 of 2nd period - Shot Misses the Net.
1:16 of 2nd period - Snap shot by Jussi Jokinen.
1:16 of 2nd period - Shot Misses the Net.
1:24 of 2nd period - Snap shot by Jussi Jokinen.
1:24 of 2nd period - Stopped by Jimmy Howard with a rebound.
1:41 of 2nd period - Backhand shot by Ben Lovejoy.
1:41 of 2nd period - Deflect By Raffi Torres.
1:41 of 2nd period - Stopped by Maxime Daigneault without a rebound.
1:42 of 2nd period - Jason Allison wins face-off versus Anze Kopitar in Jets zone.
1:54 of 2nd period - Snap shot by Anze Kopitar.
1:54 of 2nd period - Shot Misses the Net.
2:20 of 2nd period - Snap shot by Adam Burish.
2:20 of 2nd period - Stopped by Jimmy Howard with a rebound.
2:22 of 2nd period - Snap shot by Adam Burish.
2:22 of 2nd period - Shot Misses the Net.
4:41 of 2nd period - Henrik Zetterberg is hit by Bryce Salvador and loses puck.
5:05 of 2nd period - Minor Penalty to Kyle Wellwood for Hooking.
5:06 of 2nd period - Jason Arnott wins face-off versus Anze Kopitar in Jets zone.
5:33 of 2nd period - Mike Leclerc is hit by Teemu Selanne and loses puck.
6:20 of 2nd period - Backhand shot by Benoit Pouliot.
6:20 of 2nd period - Shot Blocked by Marian Hossa.
6:22 of 2nd period - Snap shot by Jeff Schultz.
6:22 of 2nd period - Stopped by Jimmy Howard without a rebound.
6:23 of 2nd period - Jason Arnott wins face-off versus Olli Jokinen in Devils zone.
6:32 of 2nd period - Snap shot by Teemu Selanne.
6:32 of 2nd period - Stopped by Maxime Daigneault with a rebound.
7:05 of 2nd period - Penalty to Kyle Wellwood is over, Kyle Wellwood is back on ice.
7:38 of 2nd period - Slapshot by Shane Doan.
7:38 of 2nd period - Shot Misses the Net.
8:05 of 2nd period - Snap shot by Mike Leclerc.
8:05 of 2nd period - Stopped by Jimmy Howard without a rebound.
8:06 of 2nd period - Jason Arnott wins face-off versus Doug Weight in Devils zone.
8:16 of 2nd period - Off-side.
8:17 of 2nd period - Jason Allison wins face-off versus Anze Kopitar in neutral zone.
8:22 of 2nd period - Snap shot by Pavel Kubina.
8:22 of 2nd period - Deflect By Benoit Pouliot.
8:22 of 2nd period - Shot Blocked by Ben Lovejoy.
8:22 of 2nd period - Puck is out of play.
8:23 of 2nd period - Anze Kopitar wins face-off versus Jason Allison in Devils zone.
8:43 of 2nd period - Minor Penalty to Chris Pronger for Cross-checking.
8:44 of 2nd period - Jason Allison wins face-off versus Doug Weight in Devils zone.
8:55 of 2nd period - Wrist shot by Jason Allison.
8:55 of 2nd period - Goal by Jason Allison - Devils : 0 - Jets : 4.
8:56 of 2nd period - Anze Kopitar wins face-off versus Jason Arnott in neutral zone.
9:38 of 2nd period - Shane Doan is hit by Ramzi Abid and loses puck.
10:17 of 2nd period - Wrist shot by Radek Dvorak.
10:17 of 2nd period - Goal by Radek Dvorak - Devils : 1 - Jets : 4.
10:18 of 2nd period - Jason Allison wins face-off versus Anze Kopitar in neutral zone.
10:55 of 2nd period - Dmitri Kalinin is hit by Doug Weight and loses puck.
11:23 of 2nd period - Slapshot by Ramzi Abid.
11:23 of 2nd period - Shot Blocked by Dmitri Kalinin.
11:47 of 2nd period - Snap shot by Doug Weight.
11:47 of 2nd period - Stopped by Maxime Daigneault without a rebound.
11:48 of 2nd period - Jason Allison wins face-off versus Anze Kopitar in Jets zone.
12:03 of 2nd period - Snap shot by Pavel Kubina.
12:03 of 2nd period - Stopped by Jimmy Howard with a rebound.
12:23 of 2nd period - Snap shot by Chris Kunitz.
12:23 of 2nd period - Shot Blocked by Jeff Schultz.
12:25 of 2nd period - Snap shot by Peter Prucha.
12:25 of 2nd period - Goal by Peter Prucha - Devils : 2 - Jets : 4.
12:26 of 2nd period - Shane Doan wins face-off versus Teemu Selanne in neutral zone.
12:41 of 2nd period - Wrist shot by Henrik Zetterberg.
12:41 of 2nd period - Stopped by Maxime Daigneault with a rebound.
12:51 of 2nd period - Jason Allison is hit by Marian Hossa and loses puck.
13:29 of 2nd period - Roman Hamrlik is hit by Keith Tkachuk and loses puck.
14:22 of 2nd period - Wrist shot by Peter Prucha.
14:22 of 2nd period - Stopped by Maxime Daigneault with a rebound.
14:24 of 2nd period - Slapshot by Chris Kunitz.
14:24 of 2nd period - Shot Misses the Net.
14:26 of 2nd period - Snap shot by Olli Jokinen.
14:26 of 2nd period - Goal by Olli Jokinen - Devils : 3 - Jets : 4.
14:27 of 2nd period - Jason Allison wins face-off versus Anze Kopitar in neutral zone.
14:30 of 2nd period - Wrist shot by Shane Doan.
14:30 of 2nd period - Stopped by Jimmy Howard with a rebound.
14:42 of 2nd period - Snap shot by Jason Allison.
14:42 of 2nd period - Shot Misses the Net.
14:54 of 2nd period - Jason Arnott is hit by Doug Weight and loses puck.
15:17 of 2nd period - Chris Pronger is hit by Nikolai Zherdev and loses puck.
16:10 of 2nd period - Peter Prucha is hit by Colin White and loses puck.
16:29 of 2nd period - Richard Matvichuk is hit by Jason Arnott and loses puck.
16:49 of 2nd period - Slapshot by Ramzi Abid.
16:49 of 2nd period - Shot Blocked by Jeff Schultz.
16:51 of 2nd period - Slapshot by Doug Weight.
16:51 of 2nd period - Stopped by Maxime Daigneault with a rebound.
17:05 of 2nd period - Wrist shot by Anze Kopitar.
17:05 of 2nd period - Shot Misses the Net.
17:07 of 2nd period - Wrist shot by Anze Kopitar.
17:07 of 2nd period - Shot Blocked by Tuomo Ruutu.
17:09 of 2nd period - Snap shot by Anze Kopitar.
17:09 of 2nd period - Shot Misses the Net.
17:11 of 2nd period - Snap shot by Henrik Zetterberg.
17:11 of 2nd period - Deflect By Anze Kopitar.
17:11 of 2nd period - Stopped by Maxime Daigneault without a rebound.
17:12 of 2nd period - Jason Allison wins face-off versus Doug Weight in Jets zone.
18:06 of 2nd period - Snap shot by Niklas Kronwall.
18:06 of 2nd period - Deflect By Kyle Wellwood.
18:06 of 2nd period - Shot Misses the Net.
18:06 of 2nd period - Puck is out of play.
18:07 of 2nd period - Jason Allison wins face-off versus Anze Kopitar in Devils zone.
18:08 of 2nd period - Slapshot by Shane Doan.
18:08 of 2nd period - Goal by Shane Doan - Devils : 3 - Jets : 5.
18:08 of 2nd period - Dan Ellis enters game.
18:09 of 2nd period - Anze Kopitar wins face-off versus Jason Allison in neutral zone.
18:56 of 2nd period - Off-side.
18:57 of 2nd period - Olli Jokinen wins face-off versus Kyle Wellwood in neutral zone.
19:12 of 2nd period - Wrist shot by Olli Jokinen.
19:12 of 2nd period - Shot Misses the Net.
19:28 of 2nd period - Wrist shot by Shane Doan.
19:28 of 2nd period - Shot Misses the Net.
19:50 of 2nd period - Slapshot by Pavel Kubina.
19:50 of 2nd period - Deflect By Adam Burish.
19:50 of 2nd period - Shot Misses the Net.
19:50 of 2nd period - Puck is out of play.
19:51 of 2nd period - Jason Arnott wins face-off versus Doug Weight in Devils zone.

3rd period


0:01 of 3rd period - Anze Kopitar wins face-off versus Jason Allison in neutral zone.
0:08 of 3rd period - Wrist shot by Anze Kopitar.
0:08 of 3rd period - Deflect By Henrik Zetterberg.
0:08 of 3rd period - Shot Misses the Net.
0:08 of 3rd period - Puck is out of play.
0:09 of 3rd period - Anze Kopitar wins face-off versus Jason Allison in Jets zone.
0:18 of 3rd period - Slapshot by Henrik Zetterberg.
0:18 of 3rd period - Shot Misses the Net.
0:20 of 3rd period - Snap shot by Henrik Zetterberg.
0:20 of 3rd period - Shot Hit the Post.
0:26 of 3rd period - Wrist shot by Anze Kopitar.
0:26 of 3rd period - Deflect By Jason Allison.
0:26 of 3rd period - Stopped by Maxime Daigneault with a rebound.
0:28 of 3rd period - Slapshot by Greg De Vries.
0:28 of 3rd period - Stopped by Maxime Daigneault without a rebound.
0:29 of 3rd period - Jason Arnott wins face-off versus Doug Weight in Jets zone.
0:43 of 3rd period - Snap shot by Ramzi Abid.
0:43 of 3rd period - Shot Misses the Net.
0:45 of 3rd period - Snap shot by Ramzi Abid.
0:45 of 3rd period - Stopped by Maxime Daigneault with a rebound.
1:15 of 3rd period - Snap shot by Radek Dvorak.
1:15 of 3rd period - Stopped by Maxime Daigneault without a rebound.
1:16 of 3rd period - Jason Williams wins face-off versus Nikolai Zherdev in Jets zone.
2:01 of 3rd period - Snap shot by Chris Kunitz.
2:01 of 3rd period - Shot Misses the Net.
2:03 of 3rd period - Slapshot by Olli Jokinen.
2:03 of 3rd period - Shot Misses the Net.
2:13 of 3rd period - Snap shot by Shane Doan.
2:13 of 3rd period - Stopped by Dan Ellis without a rebound.
2:14 of 3rd period - Jason Arnott wins face-off versus Anze Kopitar in Devils zone.
2:15 of 3rd period - Wrist shot by Keith Tkachuk.
2:15 of 3rd period - Shot Misses the Net.
2:23 of 3rd period - Wrist shot by Adam Burish.
2:23 of 3rd period - Shot Misses the Net.
2:31 of 3rd period - Jason Arnott is hit by Teemu Selanne and loses puck.
2:56 of 3rd period - Nikolai Zherdev is hit by Ramzi Abid and loses puck.
3:39 of 3rd period - Slapshot by Olli Jokinen.
3:39 of 3rd period - Deflect By Peter Prucha.
3:39 of 3rd period - Shot Misses the Net.
3:39 of 3rd period - Puck is out of play.
3:40 of 3rd period - Adam Burish wins face-off versus Henrik Zetterberg in Jets zone.
3:47 of 3rd period - Snap shot by Jason Arnott.
3:47 of 3rd period - Stopped by Dan Ellis with a rebound.
3:53 of 3rd period - Snap shot by Anze Kopitar.
3:53 of 3rd period - Shot Misses the Net.
3:55 of 3rd period - Snap shot by Anze Kopitar.
3:55 of 3rd period - Shot Misses the Net.
4:05 of 3rd period - Ben Lovejoy is hit by Jason Allison and loses puck.
4:28 of 3rd period - Snap shot by Anze Kopitar.
4:28 of 3rd period - Shot Misses the Net.
4:30 of 3rd period - Slapshot by Chris Pronger.
4:30 of 3rd period - Shot Blocked by Pavel Kubina.
4:42 of 3rd period - Wrist shot by Marian Hossa.
4:42 of 3rd period - Shot Misses the Net.
4:44 of 3rd period - Snap shot by Marian Hossa.
4:44 of 3rd period - Stopped by Maxime Daigneault without a rebound.
4:45 of 3rd period - Jason Arnott wins face-off versus Doug Weight in Jets zone.
5:05 of 3rd period - Wrist shot by Doug Weight.
5:05 of 3rd period - Stopped by Maxime Daigneault without a rebound.
5:05 of 3rd period - Minor Penalty to Shane Doan for Cross-checking.
5:06 of 3rd period - Jason Arnott wins face-off versus Anze Kopitar in Jets zone.
5:23 of 3rd period - Slapshot by Anze Kopitar.
5:23 of 3rd period - Goal by Anze Kopitar - Devils : 4 - Jets : 5.
5:24 of 3rd period - Shane Doan wins face-off versus Henrik Zetterberg in neutral zone.
5:27 of 3rd period - Teemu Selanne is hit by Benoit Pouliot and loses puck.
5:50 of 3rd period - Jason Allison is hit by Chris Kunitz and loses puck.
6:09 of 3rd period - Slapshot by Shane Doan.
6:09 of 3rd period - Shot Misses the Net.
6:21 of 3rd period - Minor Penalty to Marian Hossa for Roughing.
6:22 of 3rd period - Jason Arnott wins face-off versus Doug Weight in Devils zone.
6:29 of 3rd period - Slapshot by Jason Arnott.
6:29 of 3rd period - Shot Blocked by Ramzi Abid.
6:31 of 3rd period - Slapshot by Pavel Kubina.
6:31 of 3rd period - Stopped by Dan Ellis without a rebound.
6:32 of 3rd period - Doug Weight wins face-off versus Jason Arnott in Devils zone.
6:32 of 3rd period - Doug Weight is hit by Keith Tkachuk.
6:35 of 3rd period - Minor Penalty to Keith Tkachuk for Hooking.
6:36 of 3rd period - Jason Allison wins face-off versus Olli Jokinen in Jets zone.
6:43 of 3rd period - Slapshot by Dmitri Kalinin.
6:43 of 3rd period - Stopped by Dan Ellis with a rebound.
6:51 of 3rd period - Slapshot by Chris Pronger.
6:51 of 3rd period - Stopped by Maxime Daigneault with a rebound.
6:58 of 3rd period - Icing by Dmitri Kalinin.
6:59 of 3rd period - Olli Jokinen wins face-off versus Jason Allison in Jets zone.
7:04 of 3rd period - Slapshot by Peter Prucha.
7:04 of 3rd period - Stopped by Maxime Daigneault with a rebound.
7:06 of 3rd period - Snap shot by Ben Lovejoy.
7:06 of 3rd period - Stopped by Maxime Daigneault without a rebound.
7:07 of 3rd period - Olli Jokinen wins face-off versus Jason Allison in Jets zone.
7:13 of 3rd period - Icing by Jeff Schultz.
7:14 of 3rd period - Olli Jokinen wins face-off versus Jason Allison in Jets zone.
7:23 of 3rd period - Snap shot by Jason Allison.
7:23 of 3rd period - Stopped by Dan Ellis with a rebound.
7:25 of 3rd period - Wrist shot by Jason Allison.
7:25 of 3rd period - Stopped by Dan Ellis with a rebound.
7:27 of 3rd period - Slapshot by Dmitri Kalinin.
7:27 of 3rd period - Deflect By Olli Jokinen.
7:27 of 3rd period - Goal by Dmitri Kalinin - Devils : 4 - Jets : 6.
7:28 of 3rd period - Jason Allison wins face-off versus Olli Jokinen in neutral zone.
7:55 of 3rd period - Shane Doan is hit by Olli Jokinen and loses puck.
8:12 of 3rd period - Wrist shot by Benoit Pouliot.
8:12 of 3rd period - Shot Misses the Net.
8:14 of 3rd period - Snap shot by Benoit Pouliot.
8:14 of 3rd period - Shot Misses the Net.
8:16 of 3rd period - Snap shot by Jason Arnott.
8:16 of 3rd period - Goal by Jason Arnott - Devils : 4 - Jets : 7.
8:17 of 3rd period - Jason Allison wins face-off versus Olli Jokinen in neutral zone.
8:21 of 3rd period - Penalty to Marian Hossa is over, Marian Hossa is back on ice.
8:35 of 3rd period - Penalty to Keith Tkachuk is over, Keith Tkachuk is back on ice.
9:02 of 3rd period - Snap shot by Peter Prucha.
9:02 of 3rd period - Deflect By Marian Hossa.
9:02 of 3rd period - Stopped by Maxime Daigneault with a rebound.
9:04 of 3rd period - Slapshot by Ben Lovejoy.
9:04 of 3rd period - Stopped by Maxime Daigneault without a rebound.
9:05 of 3rd period - Jason Allison wins face-off versus Anze Kopitar in Jets zone.
9:20 of 3rd period - Snap shot by Benoit Pouliot.
9:20 of 3rd period - Stopped by Dan Ellis with a rebound.
9:30 of 3rd period - Greg De Vries is hit by Niklas Kronwall and loses puck.
10:01 of 3rd period - Snap shot by Teemu Selanne.
10:01 of 3rd period - Shot Blocked by Jason Arnott.
10:19 of 3rd period - Snap shot by Anze Kopitar.
10:19 of 3rd period - Deflect By Teemu Selanne.
10:19 of 3rd period - Shot Misses the Net.
10:19 of 3rd period - Puck is out of play.
10:20 of 3rd period - Jason Allison wins face-off versus Doug Weight in Jets zone.
10:28 of 3rd period - Off-side.
10:29 of 3rd period - Jason Allison wins face-off versus Doug Weight in neutral zone.
10:36 of 3rd period - Wrist shot by Jason Allison.
10:36 of 3rd period - Goal by Jason Allison - Devils : 4 - Jets : 8.
10:37 of 3rd period - Doug Weight wins face-off versus Adam Burish in neutral zone.
10:44 of 3rd period - Wrist shot by Ramzi Abid.
10:44 of 3rd period - Stopped by Maxime Daigneault without a rebound.
10:45 of 3rd period - Jason Arnott wins face-off versus Doug Weight in Jets zone.
11:24 of 3rd period - Benoit Pouliot is hit by Henrik Zetterberg and loses puck.
11:47 of 3rd period - Slapshot by Nikolai Zherdev.
11:47 of 3rd period - Stopped by Dan Ellis with a rebound.
12:21 of 3rd period - Backhand shot by Jason Arnott.
12:21 of 3rd period - Shot Misses the Net.
12:41 of 3rd period - Anze Kopitar is hit by Jason Allison and loses puck.
12:46 of 3rd period - Snap shot by Jason Allison.
12:46 of 3rd period - Shot Misses the Net.
12:48 of 3rd period - Snap shot by Jason Allison.
12:48 of 3rd period - Stopped by Dan Ellis without a rebound.
12:49 of 3rd period - Doug Weight wins face-off versus Jason Arnott in Devils zone.
12:54 of 3rd period - Jason Arnott is hit by Ramzi Abid and loses puck.
13:42 of 3rd period - Tuomo Ruutu is hit by Peter Prucha and loses puck.
14:05 of 3rd period - Slapshot by Jason Arnott.
14:05 of 3rd period - Shot Misses the Net.
14:42 of 3rd period - Wrist shot by Jussi Jokinen.
14:42 of 3rd period - Stopped by Dan Ellis with a rebound.
14:44 of 3rd period - Snap shot by Kyle Wellwood.
14:44 of 3rd period - Stopped by Dan Ellis without a rebound.
14:45 of 3rd period - Anze Kopitar wins face-off versus Jason Arnott in Devils zone.
14:52 of 3rd period - Snap shot by Anze Kopitar.
14:52 of 3rd period - Goal by Anze Kopitar - Devils : 5 - Jets : 8.
14:53 of 3rd period - Anze Kopitar wins face-off versus Jason Arnott in neutral zone.
14:53 of 3rd period - Anze Kopitar is hit by Jason Arnott.
15:42 of 3rd period - Kyle Wellwood is hit by Peter Prucha and loses puck.
17:08 of 3rd period - Kyle Wellwood is hit by Peter Prucha and loses puck.
17:26 of 3rd period - Mike Leclerc is hit by Jason Williams and loses puck.
17:37 of 3rd period - Snap shot by Radek Dvorak.
17:37 of 3rd period - Shot Misses the Net.
18:09 of 3rd period - Snap shot by Jussi Jokinen.
18:09 of 3rd period - Stopped by Dan Ellis without a rebound.
18:10 of 3rd period - Kyle Wellwood wins face-off versus Marian Hossa in Devils zone.
18:17 of 3rd period - Snap shot by Nikolai Zherdev.
18:17 of 3rd period - Stopped by Dan Ellis without a rebound.
18:18 of 3rd period - Jason Arnott wins face-off versus Anze Kopitar in Devils zone.
18:26 of 3rd period - Minor Penalty to Keith Tkachuk for Holding.
18:27 of 3rd period - Marian Hossa wins face-off versus Jason Arnott in Jets zone.
18:40 of 3rd period - Wrist shot by Anze Kopitar.
18:40 of 3rd period - Shot Blocked by Jeff Schultz.
18:42 of 3rd period - Wrist shot by Roman Hamrlik.
18:42 of 3rd period - Shot Misses the Net.
18:44 of 3rd period - Wrist shot by Richard Matvichuk.
18:44 of 3rd period - Deflect By Anze Kopitar.
18:44 of 3rd period - Stopped by Maxime Daigneault with a rebound.


Output by the SimonT Hockey Simulator (STHS) for François Prévost -- Original Page W3C XHTML 1.0 Valid
Hockey Simulator - Hockey Simulation - Hockey Manager